 Dungeon Crawl Stone Soup version 0.30.1 (webtiles) character file.

Game seed: 5265377318365205756

23 lockman776 the Trooper (level 2, -7/26 (27) HPs)
             Began as a Hill Orc Fighter on July 9, 2023.
             Mangled by Crazy Yiuf
             ... wielding a +3 quarterstaff of chaos
              (12 damage)
             ... on level 2 of the Dungeon.
             The game lasted 00:07:25 (776 turns).

lockman776 the Trooper (Hill Orc Fighter)            Turns: 776, Time: 00:07:26

HP:   -7/26 (27)    AC:  6    Str: 18    XL:     2   Next: 95%
MP:   2/2           EV:  9    Int:  8    God:
Gold: 46            SH:  4    Dex: 10    Spells: 1/1 levels left

rFire   . . .        a - +0 war axe
rCold   . . .        c - +0 buckler
rNeg    . . .        b - +0 scale mail
rPois   .            (no helmet)
rElec   .            (no cloak)
rCorr   .            (no gloves)
SInv    .            (no boots)
Will    .....        (no amulet) Stlth
                     (no ring)
HPRegen 0.24/turn    (no ring)
MPRegen 0.08/turn

%: no passive effects
@: on berserk cooldown, slowed, lightly drained, very slow
A: no striking features
a: no special abilities


You were on level 2 of the Dungeon.
You visited 1 branch of the dungeon, and saw 2 of its levels.

You collected 46 gold pieces.

Inventory:

Hand Weapons
 a - a +0 war axe (weapon)
Armour
 b - a +0 scale mail (worn)
 c - a +0 buckler (worn)
 k - a +0 pair of boots
Magical Staves
 h - a staff of poison
Scrolls
 e - 4 scrolls of identify {unknown}
 f - 3 scrolls of fog {unknown}
 g - a scroll of magic mapping {unknown}
 i - a scroll of vulnerability {unknown}
 j - a scroll of blinking {unknown}
 l - a scroll of enchant armour {unknown}
Potions
 d - a potion of might
 m - a potion of curing {unknown}


   Skills:
 + Level 4.0 Fighting
 * Level 3.3 Axes
 + Level 3.5 Armour
 + Level 3.5 Shields


You had one spell level left.
You didn't know any spells.
Your spell library was empty.

Dungeon Overview and Level Annotations

Branches:
Dungeon (2/15)

Altars:

Annotations:
D:2 Crazy Yiuf


Message History

Found a hammer.
Found a hammer.
Found a hammer.
You see here a +0 hammer.
You see here a +0 hammer.
Found seven hammers.
Found a runed translucent door.
You see here a +0 hammer.
Found a hammer.
Crazy Yiuf shouts!
Crazy Yiuf says, "Cod!
Line dark noodlescoop."
You see here a +0 hammer.
You see here a +0 hammer.
Found three hammers.
You see here a +0 hammer.
As you open the door, it creaks loudly!
You see here a +0 hammer.
Crazy Yiuf attacks as you move away!
Crazy Yiuf hits you with a +3 quarterstaff of chaos.
A red film seems to cover your vision as you go berserk!
You feel yourself moving faster!
You feel mighty!
You see here a +0 hammer.
You feel a strong urge to attack something.
Crazy Yiuf cries, "You leg down broken song, no?"
You see here a +0 hammer.
You see here a +0 hammer.
You feel your anger nearly subside.
You are no longer berserk.
You are exhausted.
You feel yourself slow down. Crazy Yiuf attacks as you move away!
Crazy Yiuf closely misses you.
Crazy Yiuf yells, "Snurf!"
Crazy Yiuf hits you with a +3 quarterstaff of chaos.
Crazy Yiuf attacks as you move away!
Crazy Yiuf hits you with a +3 quarterstaff of chaos.
You feel drained.
Crazy Yiuf hits you with a +3 quarterstaff of chaos!
* * * LOW HITPOINT WARNING * * *
You feel as though you will be slow longer.
Crazy Yiuf attacks as you move away!
Crazy Yiuf hits you with a +3 quarterstaff of chaos!
You die...

### ..# #.# #.# #.# #.# ###
♣♣########.# #)))#♣♣
♣♣..+.g@....######
#.))')♣♣♣♣......####......##
#)))#♣))♣)......# #####...##
### ♣♣♣)♣)..+..# ##.....##
♣♣♣♣♣##### #....)..#
#.......# #.......#
##.....## ##.†.##


You could see Crazy Yiuf.

Vanquished Creatures
  A dart slug (D:1)
  A ball python (D:1)
  An endoplasm (D:1)
  2 giant cockroaches (D:1)
  6 goblins
  A hobgoblin (D:1)
  A kobold (D:1)
  3 bats
16 creatures vanquished.

Notes
Turn   | Place    | Note
-------+----------+-------------------------------------------
     0 | D:1      | lockman776 the Hill Orc Fighter began the quest for the
                  | Orb.
     0 | D:1      | Reached XP level 1. HP: 19/19 MP: 1/1
   132 | D:1      | Reached XP level 2. HP: 27/27 MP: 2/2
   476 | D:1      | Reached skill level 4 in Fighting
   760 | D:2      | Found a runed translucent door.
   761 | D:2      | Noticed Crazy Yiuf
   776 | D:2      | Mangled by Crazy Yiuf

Illustrated notes

Levels and vault maps discovered:
D:1:      minmay_arrival_hallway, layout_loops_ring
D:2:      layout_loops_ring, grunt_ministairs_14, uniq_crazy_yiuf_cottage

Skill      XL: |  1  2 |
---------------+-------+-----
Axes           | 3 |  3.3
Fighting       | 4 |  4.0
Armour         | |  3.5
Shields        | |  3.5

Action                     || total
---------------------------++-------
  Melee: War axe           ||    38
 Armour: Scale mail        ||    22
  Dodge: Dodged            ||    21
  Block: Buckler           ||     6
